Map: Rhoskallian LE

Players

gidral

  • Race: Zerg Zerg
  • Spawn Location: 12:00

Aches

  • Race: Zerg Zerg
  • Spawn Location: 11:00

qqq - Winner!

  • Race: Zerg Zerg
  • Spawn Location: 6:00

Massa - Winner!

  • Race: Terran Terran
  • League: Platinum
  • Spawn Location: 5:00

VOD

Have the link to the VOD?

Description

Time

  • Played on: Oct. 9, 2020, 12:01 p.m.
  • Length: 14:37
Show
View Real Time Build Order
Export as new Build Order

gidral Zerg 

Build Orders: Pool First 

Get SALT Encoding   

  12  0:00  Drone  
  14  0:14  Drone  
  14  0:18  Extractor  
  14  0:19  Extractor, Drone  
  13  0:23  Drone  
  16  0:32  Overlord  
  16  0:48  Spawning Pool  
  15  0:50  Extractor, Drone  
  15  0:52  Drone  
  16  1:18  Drone  
  16  1:19  Drone x2  
  19  1:31  Drone  
  20  1:38  Hatchery  
  19  1:42  Zergling x2  
  20  1:52  Overlord  
  20  1:55  Metabolic Boost  
  20  2:05  Zergling x2  
  21  2:18  Zergling x2  
  22  2:27  Queen  
  24  2:38  Zergling x4  
  26  2:52  Zergling x4  
  28  2:59  Zergling x2  
  29  3:08  Drone x2  
  31  3:19  Zergling x4  
  32  3:41  Zergling x6  
  32  3:56  Drone  
  32  3:57  Drone x3  
  32  3:58  Overlord  
  32  4:00  Lair  
  34  4:11  Drone x2  
  34  4:17  Zergling x2, Overlord  
  37  4:27  Spine Crawler  
  37  4:28  Spine Crawler  
  37  4:29  Drone x2, Spine Crawler  
  36  4:33  Queen  
  36  4:35  Zergling x2  
  37  5:06  Zergling x2  
  34  5:07  Zergling x10  
  34  5:13  Extractor  
  37  5:16  Zergling x8  
  41  5:32  Zergling x2  
  41  5:33  Zergling x4  
  44  5:41  Drone x2  
  46  5:52  Drone x2  
  46  5:53  Drone x2  
  50  6:00  Drone x3, Spire  
  50  6:01  Overlord  
  52  6:26  Drone x3, Extractor  
  52  7:12  Zergling x2  
  52  7:13  Zergling x16  
  52  7:14  Zergling x2  
  59  7:26  Overlord x4  
  59  7:34  Extractor  
  56  7:51  Mutalisk  
  56  7:52  Mutalisk x7  
  68  8:16  Drone x3  
  68  8:19  Mutalisk x2  
  75  8:35  Overlord x2  
  75  8:36  Overlord x2  
  67  9:36  Mutalisk  
  67  9:37  Mutalisk x9  
  83  9:43  Zerg Flyer Armor Level 1  
  78  10:25  Overseer, Infestation Pit  
  77  10:29  Hatchery  
  76  10:42  Mutalisk x4  
  76  10:43  Mutalisk  
  86  10:53  Spore Crawler  
  86  10:54  Spore Crawler  
  86  10:55  Spore Crawler  
  86  10:56  Spore Crawler  
  80  11:25  Drone x4  
  81  11:26  Drone x12  
  81  11:31  Hive  
  96  11:47  Extractor  
  96  11:49  Extractor, Queen  
  96  12:23  Zergling x12  
  96  12:24  Zergling x20  
  112  12:49  Greater Spire  
  112  12:55  Corruptor x5  
  122  13:06  Spore Crawler  
  122  13:09  Spore Crawler  
  120  13:30  Overlord  
  120  13:31  Overlord x13  
  120  13:46  Overseer x2  
  120  13:47  Overseer x2  
  120  13:59  Zergling x10  
  120  14:00  Zergling x12  
Show
View Real Time Build Order
Export as new Build Order

Aches Zerg 

Build Orders: 1 Base Baneling Bust, Pool First, Zergling Baneling 

Get SALT Encoding   

  12  0:00  Drone  
  13  0:13  Extractor  
  12  0:27  Spawning Pool  
  11  0:30  Drone  
  12  0:36  Drone  
  12  0:40  Drone  
  14  0:56  Overlord  
  14  1:16  Zergling x6  
  17  1:24  Queen  
  19  1:32  Overlord  
  19  1:43  Metabolic Boost  
  19  2:09  Baneling Nest  
  19  2:11  Zergling x6  
  20  2:40  Zergling x8  
  20  2:41  Zergling x2  
  25  2:49  Lair  
  24  2:57  Zergling x4  
  26  3:17  Baneling x3  
  26  3:18  Baneling x2  
  26  3:24  Zergling x2  
  26  3:25  Zergling x4  
  27  3:47  Zergling x10  
  24  4:06  Drone x2  
  26  4:23  Baneling x3  
  26  4:24  Baneling x2  
  25  4:44  Baneling x2  
  25  4:47  Hatchery  
  19  5:05  Zergling x8  
  22  5:10  Drone x2  
  23  5:28  Zergling x4  
  23  5:29  Zergling x2  
  23  5:31  Baneling x4  
  26  5:46  Drone  
  25  5:57  Drone  
  26  6:13  Zergling x4  
  28  6:18  Hatchery  
  27  6:28  Zergling x4  
  27  6:30  Overlord  
  28  6:46  Centrifical Hooks  
  21  6:47  Zergling x2  
  21  6:48  Zergling x2  
  23  7:09  Baneling x2  
  23  7:21  Zergling x4  
  23  7:22  Zergling x2  
  26  7:24  Baneling x2  
  26  7:32  Baneling  
  26  7:47  Evolution Chamber  
  26  7:50  Baneling x2  
  23  8:10  Drone  
  24  8:15  Drone x4  
  28  8:20  Baneling x3  
  28  8:22  Drone x3  
  31  8:27  Hatchery  
  30  8:36  Queen  
  32  8:41  Extractor  
  32  8:43  Zergling x2  
  32  8:44  Zergling x2  
  33  8:50  Extractor  
  33  8:51  Overlord  
  33  8:53  Extractor  
  31  9:15  Drone x3  
  34  9:23  Spore Crawler  
  33  9:37  Zerg Missile Weapons Level 1  
  33  9:40  Drone x4  
  35  9:49  Zergling x2  
  35  10:07  Drone  
  35  10:09  Drone x5  
  35  10:10  Drone x2  
  42  10:26  Hydralisk Den  
  41  10:37  Zergling x6  
  41  10:38  Zergling x8  
  48  11:01  Lurker Den  
  48  11:03  Overlord x3  
  47  11:13  Hatchery  
  46  11:19  Baneling  
  46  11:20  Baneling  
  46  11:21  Baneling x3  
  46  11:23  Hydralisk x3  
  52  11:27  Overseer  
  52  11:32  Zerg Melee Weapons Level 1  
  52  11:37  Hydralisk x2  
  56  11:45  Drone x3  
  56  11:46  Drone x2  
  61  11:49  Drone x3  
  61  11:51  Drone x2  
  66  11:59  Overlord x3  
  66  12:14  Overlord  
  66  12:15  Overlord  
  66  12:19  Hydralisk x3  
  72  12:26  Infestation Pit  
  71  12:30  Baneling x5  
  71  12:31  Baneling x2  
  71  12:33  Zergling x2  
  71  12:34  Zergling x2  
  73  12:43  Extractor  
  72  12:45  Hydralisk x2  
  72  12:46  Extractor  
  75  12:53  Drone x2  
  75  12:55  Hydralisk  
  79  13:05  Muscular Augments  
  79  13:09  Queen  
  81  13:25  Hydralisk x2  
  81  13:26  Hydralisk, Spore Crawler  
  86  13:33  Hydralisk  
  86  13:34  Spore Crawler  
  87  13:43  Drone x5  
  92  14:08  Hydralisk x2  
  92  14:09  Hydralisk x2  
  69  14:19  Zergling x2  
  69  14:20  Zergling x8  
Show
View Real Time Build Order
Export as new Build Order

qqq Zerg - Winner!

Build Orders: Hatch First 

Get SALT Encoding   

  12  0:00  Drone  
  13  0:13  Drone  
  14  0:35  Hatchery  
  13  0:38  Drone  
  14  0:56  Spawning Pool  
  13  1:04  Overlord  
  13  1:08  Drone  
  14  1:11  Extractor  
  14  1:15  Drone  
  14  1:23  Drone  
  15  1:29  Drone  
  16  1:50  Zergling x4  
  17  1:56  Queen  
  17  1:58  Queen  
  22  2:01  Zergling x2  
  22  2:07  Zergling x2  
  23  2:10  Zergling x2  
  23  2:15  Drone  
  25  2:20  Zergling x2  
  26  2:25  Zergling x2  
  27  2:35  Drone  
  28  2:44  Overlord x2  
  28  2:52  Baneling Nest  
  28  2:55  Drone  
  28  3:02  Drone  
  28  3:05  Zergling x2  
  30  3:08  Zergling x2  
  31  3:20  Zergling x6  
  34  3:34  Spine Crawler  
  33  3:35  Metabolic Boost  
  33  3:37  Baneling  
  33  3:38  Baneling  
  33  3:45  Baneling x3  
  33  3:55  Baneling  
  33  3:56  Drone x2  
  33  3:57  Zergling x2  
  33  4:00  Drone  
  37  4:09  Drone  
  38  4:15  Drone x3  
  41  4:18  Baneling  
  41  4:22  Zergling x2  
  41  4:23  Zergling x2  
  43  4:47  Zergling x2  
  42  5:08  Zergling x2  
  42  5:09  Overlord  
  42  5:10  Overlord x5  
  41  5:51  Baneling x3  
  41  5:52  Drone x4, Hatchery  
  41  5:53  Drone x2, Overlord  
  41  5:54  Zergling x4  
  48  6:10  Lair  
  48  6:19  Spore Crawler  
  48  6:21  Spore Crawler  
  48  6:22  Drone  
  48  6:23  Zergling x2  
  48  6:24  Drone, Hatchery  
  40  6:49  Baneling x3  
  40  6:50  Baneling  
  39  7:17  Zergling x4  
  39  7:18  Zergling x10  
  39  7:19  Drone x6  
  52  7:51  Spire  
  50  7:52  Spore Crawler  
  50  7:53  Hydralisk Den  
  50  7:54  Drone x4  
  50  7:56  Spore Crawler  
  50  7:58  Drone x5  
  54  7:59  Drone x7  
  54  8:00  Drone x4  
  54  8:04  Spore Crawler  
  60  8:09  Baneling x2  
  60  8:10  Baneling x2  
  60  8:15  Spore Crawler  
  60  8:17  Baneling  
  59  8:21  Extractor x2  
  59  8:24  Queen  
  59  8:25  Zergling x4  
  59  8:26  Drone, Zergling x2  
  59  8:27  Drone x2  
  64  8:29  Extractor  
  64  8:39  Spore Crawler  
  64  8:40  Spore Crawler  
  62  8:42  Drone x3  
  65  8:53  Drone x6  
  65  8:54  Drone x3  
  72  9:04  Hydralisk  
  72  9:05  Hydralisk x3  
  80  9:29  Mutalisk x2  
  80  9:30  Hydralisk  
  86  9:42  Muscular Augments  
  86  9:45  Hydralisk  
  88  9:50  Drone x3  
  88  9:51  Drone x3, Zergling x2  
  88  9:52  Zergling x2  
  96  9:55  Extractor x2  
  94  10:01  Zergling x4  
  94  10:02  Overlord x5  
  94  10:03  Overlord  
  96  10:16  Hatchery  
  96  10:17  Hatchery  
  96  10:18  Spore Crawler  
  93  10:25  Hatchery  
  92  10:30  Drone x2  
  92  10:31  Drone x3  
  92  10:32  Drone, Queen  
  100  10:42  Hydralisk x2  
  100  10:43  Mutalisk x6  
  100  10:45  Zergling x6  
  100  10:46  Drone x2  
  121  10:53  Grooved Spines  
  121  11:11  Mutalisk x3  
  119  11:12  Hydralisk x2  
  125  11:28  Drone x8  
  125  11:29  Drone x2, Mutalisk, Hydralisk  
  125  11:30  Mutalisk  
  141  11:41  Drone x2  
  141  11:45  Zerg Flyer Weapons Level 1  
  143  11:55  Evolution Chamber  
  143  11:56  Evolution Chamber  
  143  11:57  Mutalisk, Hydralisk  
  143  11:58  Mutalisk x2  
  149  12:01  Hydralisk  
  149  12:03  Drone x2  
  153  12:11  Spore Crawler  
  153  12:13  Spore Crawler  
  153  12:14  Spore Crawler  
  150  12:16  Spine Crawler  
  150  12:17  Drone x3  
  150  12:19  Spore Crawler  
  150  12:21  Drone x2  
  150  12:22  Overlord x4  
  153  12:23  Overlord x3  
  153  12:32  Overlord x3  
  153  12:36  Zerg Missile Weapons Level 1  
  153  12:37  Zerg Ground Armor Level 1  
  153  12:56  Baneling x6  
  153  12:57  Baneling x9  
  153  12:58  Baneling x5  
  153  12:59  Baneling x6, Hydralisk  
  153  13:00  Hydralisk  
  153  13:01  Zergling x2  
  153  13:02  Zergling x6  
  153  13:03  Drone x2, Zergling x10  
  153  13:04  Drone x4, Zergling x8  
  176  13:12  Extractor, Infestation Pit  
  174  13:14  Extractor  
  173  13:33  Hydralisk x2  
  173  13:34  Mutalisk x3  
  177  13:37  Zergling x14  
  177  13:38  Zergling x10  
  195  13:48  Zergling x6  
  198  13:49  Drone  
Show
View Real Time Build Order
Export as new Build Order

Massa Terran - Winner!

Build Orders:  

Get SALT Encoding   

  12  0:00  SCV  
  13  0:12  SCV  
  14  0:22  Supply Depot  
  14  0:25  SCV  
  15  0:30  Refinery  
  15  0:44  SCV  
  15  0:46  Barracks  
  16  0:56  SCV  
  17  1:08  SCV  
  18  1:20  SCV  
  20  1:32  SCV  
  20  1:39  Reaper  
  21  1:44  Orbital Command  
  21  1:51  Command Center  
  21  2:14  Factory  
  21  2:17  Barracks Reactor  
  21  2:18  Barracks  
  21  3:09  Hellion x2  
  25  3:17  Marine  
  25  3:23  Supply Depot  
  25  3:26  Marine  
  26  3:29  SCV  
  26  3:30  SCV, Hellion  
  32  3:34  Marine  
  32  3:37  Hellion  
  33  3:44  Marine  
  34  3:52  Marine  
  37  4:10  Marine  
  37  4:12  Factory Reactor  
  36  4:21  Orbital Command  
  36  4:22  SCV  
  37  4:27  Starport  
  37  4:28  Marine  
  37  4:30  Barracks  
  38  4:34  SCV  
  39  4:46  SCV  
  40  4:58  SCV  
  37  5:10  SCV  
  38  5:22  SCV  
  37  5:29  Hellion x2  
  37  5:34  SCV  
  42  5:48  Starport Tech Lab  
  42  5:50  Hellion  
  42  5:51  Hellion  
  46  5:59  Barracks Tech Lab  
  46  6:02  Supply Depot  
  46  6:03  Supply Depot  
  46  6:04  Supply Depot  
  46  6:07  Supply Depot  
  46  6:08  Supply Depot  
  46  6:09  Supply Depot  
  46  6:16  Refinery, Engineering Bay  
  46  6:20  Command Center  
  46  6:23  Supply Depot  
  46  6:24  Hellion x2, Marine x2  
  50  6:42  Marine x2  
  50  6:46  Hellion x2  
  52  6:48  Supply Depot  
  52  6:59  Marine  
  52  7:01  Marauder, Marine  
  56  7:11  Supply Depot  
  56  7:17  Marine  
  56  7:18  Marine  
  56  7:22  Marauder  
  58  7:33  Hellion  
  58  7:34  Hellion, Supply Depot  
  58  7:35  Marine  
  58  7:36  Marine  
  64  7:43  Marauder, Missile Turret x2  
  66  7:47  Missile Turret  
  66  7:49  Missile Turret  
  66  7:53  Marine  
  66  7:54  Marine  
  66  7:55  Hellion x2  
  66  7:56  Missile Turret  
  72  8:03  Stimpack  
  72  8:05  Marauder, Missile Turret  
  72  8:06  Missile Turret  
  72  8:07  Missile Turret  
  72  8:11  Marine  
  72  8:12  Marine  
  67  8:16  Hellion  
  69  8:26  Marauder  
  71  8:42  Widow Mine x2  
  75  8:52  Marine x2  
  77  9:01  Barracks Reactor  
  77  9:04  Widow Mine x2  
  77  9:09  Marine  
  81  9:10  Marauder  
  81  9:16  Terran Infantry Weapons Level 1  
  84  9:20  Armory  
  84  9:25  Widow Mine  
  84  9:27  Marine  
  84  9:30  Widow Mine  
  89  9:32  Marauder  
  91  9:43  Combat Shield  
  91  9:45  Marine  
  91  9:46  Widow Mine  
  91  9:52  Widow Mine  
  90  9:53  Marauder  
  81  10:14  Orbital Command, Marauder  
  83  10:21  SCV  
  83  10:22  SCV  
  83  10:24  Missile Turret  
  85  10:30  Marine  
  85  10:31  Marine  
  85  10:33  SCV  
  85  10:34  SCV  
  89  10:36  Marauder  
  89  10:37  Viking  
  93  10:44  Cloaking Field, Missile Turret  
  93  10:45  SCV  
  93  10:46  SCV  
  95  10:57  Marauder  
  95  10:58  SCV x2  
  98  11:10  SCV x2, Terran Infantry Armor Level 1  
  100  11:14  Missile Turret  
  100  11:16  Missile Turret  
  100  11:17  Missile Turret  
  100  11:22  Marauder, Marine x3  
  105  11:36  Missile Turret  
  105  11:37  Missile Turret  
  105  11:39  SCV x2  
  108  11:40  SCV, Marine, Missile Turret  
  108  11:43  Marauder  
  110  11:51  SCV  
  110  11:52  SCV x2  
  113  12:00  Banshee  
  116  12:03  SCV  
  116  12:05  Marauder  
  119  12:12  Widow Mine x2  
  123  12:16  SCV x2  
  125  12:26  Marauder  
  125  12:29  Marine x3  
  130  12:34  Widow Mine x2  
  130  12:35  Concussive Shells  
  134  12:39  Refinery  
  134  12:43  Banshee  
  137  12:46  Marine  
  137  12:47  Marauder, Marine  
  141  12:57  Supply Depot x2  
  141  12:58  Supply Depot x2  
  141  12:59  Supply Depot  
  141  13:02  Supply Depot  
  141  13:09  Widow Mine x2, Marine x4  
  149  13:14  Refinery  
  149  13:16  Refinery  
  149  13:20  Missile Turret  
  149  13:21  Missile Turret  
  149  13:24  Supply Depot  
  149  13:26  Marine x4, Medivac  
  149  13:27  Missile Turret  
  155  13:30  Widow Mine x2  
  159  13:44  Marine x4  
  163  13:49  SCV x3  
  166  13:56  Medivac  
  166  14:01  SCV x3  
  166  14:02  Marine  
  174  14:03  Marauder, Command Center  
Tags
 
Add a new tag
Caveats
  • Supply blocks, unpowered buildings, or Contaminate may cause inaccurate times.
  • Supply counts are checked every 10 seconds.